 Dungeon Crawl Stone Soup version 0.27.0-1-g7a089689b8 (webtiles) character file.

Game seed: 15289173308168751271

196 Dann the Skirmisher (level 5, -6/57 HPs)
             Began as an Ogre Berserker on Aug 9, 2021.
             Was a Believer of Trog.
             Killed from afar by Sigmund (10 damage)
             ... with a puff of flame
             ... on level 3 of the Dungeon.
             The game lasted 00:04:13 (2625 turns).

Dann the Skirmisher (Ogre Berserker)                Turns: 2625, Time: 00:04:14

Health: -6/57      AC:  5    Str: 22    XL:     5   Next: 75%
Magic:  5/5        EV: 10    Int:  8    God:    Trog [**....]
Gold:   93         SH:  0    Dex:  8    Spells: 4/4 levels left

rFire    . . .     SeeInvis .   l - +3 trident
rCold    . . .     Faith    .   (no shield)
rNeg     . . .     Spirit   .   k - +2 robe
rPois    .         Reflect  .   (helmet restricted)
rElec    .         Harm     .   (no cloak)
rCorr    .         Rampage  .   (gloves unavailable)
Will     .....                  (boots unavailable)
Stlth    +.........             (no amulet)
HPRegen  0.19/turn              (no ring)
MPRegen  0.09/turn              (no ring)

@: no status effects
A: large, unfitting armour, tough skin 1
a: Renounce Religion, Berserk, Trog's Hand


You were on level 3 of the Dungeon.
You worshipped Trog.
Trog was pleased with you.
You visited 1 branch of the dungeon, and saw 3 of its levels.

You collected 93 gold pieces.

Inventory:

Hand Weapons
 a - a +0 hand axe
 l - a +3 trident (weapon)
Armour
 b - a +0 animal skin
 k - a +2 robe (worn)
Scrolls
 d - a scroll of enchant weapon {unknown}
 e - 5 scrolls of teleportation {unknown}
 f - a scroll of identify {unknown}
 g - a scroll of magic mapping {unknown}
 i - a scroll of noise {unknown}
 n - 2 scrolls of enchant armour {unknown}
Potions
 c - a potion of cancellation {unknown}
 h - 2 potions of attraction {unknown}
 j - a potion of degeneration {unknown}
 m - a potion of curing {unknown}


   Skills:
 + Level 5.4 Fighting
 - Level 3.9(4.2) Axes
 * Level 2.0(3.2) Polearms
 + Level 3.8 Dodging
 + Level 0.3 Stealth


You had 4 spell levels left.
You didn't know any spells.
Your spell library was empty.

Dungeon Overview and Level Annotations

Branches:
Dungeon (3/15)

Altars:
Zin

Annotations:
D:3 Sigmund


Innate Abilities, Weirdness & Mutations

You are too large for most types of armour.
You have tough skin. (AC +1)


Message History

Sigmund the Dreaded comes into view.
He is wielding a +0 scythe, wearing a +2 robe of willpower and carrying a wand of flame (16).
Sigmund shouts!
Sigmund zaps a wand.
The puff of flame hits you. Sigmund gestures at you while chanting.
You resist with some effort.
Sigmund points at you and mumbles some strange words.
The magic dart hits you.
You closely miss Sigmund.
Sigmund points at you and mumbles some strange words.
The magic dart hits you.
You barely miss Sigmund. Sigmund hits you with a +0 scythe!
You puncture Sigmund!
Sigmund is moderately wounded.
Sigmund barely misses you.
You hit Sigmund but do no damage.
Sigmund is moderately wounded.
Sigmund zaps a wand.
The puff of flame hits you. Sigmund gestures at you while chanting.
The magic dart hits you!
You barely miss Sigmund.
Sigmund is moderately wounded.
Sigmund barely misses you.
You hit Sigmund but do no damage.
Sigmund is moderately wounded.
Sigmund barely misses you.
You hit Sigmund but do no damage.
Sigmund is moderately wounded.
Sigmund hits you with a +0 scythe!
* * * LOW HITPOINT WARNING * * *
You closely miss Sigmund.
Sigmund is moderately wounded.
Sigmund zaps a wand.
The puff of flame hits you!
* * * LOW HITPOINT WARNING * * *
You hit Sigmund.
Sigmund is heavily wounded.
Sigmund closely misses you.
You barely miss Sigmund.
Sigmund is heavily wounded.
Sigmund barely misses you.
Sigmund zaps a wand.
The puff of flame hits you!
You die...

#. #.#...... #.
#.#...... #. #.#......
#. #........ #.
###.##### ######. #.#
.......#######.#
####.######........#####
......@@.............)>#
###############......#.#
#..###.#.# #..# #.#.. #
#..###.### ..##.#
#..#...... ..##.##
#..#.#....
#.##..##########
#..#.#####
#.##...........###..#.#


You could see Sigmund.

Vanquished Creatures
  A black bear (D:3)
  Jessica (D:2)
  2 adders
  A worm (D:2)
  A dart slug (D:3)
  3 orcs (D:3)
  2 ball pythons (D:1)
  2 endoplasms
  3 giant cockroaches
  4 goblins
  2 hobgoblins
  3 jackals (D:2)
  4 quokkas
  5 bats
  4 frilled lizards
  6 kobolds
  4 rats
48 creatures vanquished.

Vanquished Creatures (others)
  10 plants (D:3)
10 creatures vanquished.

Grand Total: 58 creatures vanquished

Notes
Turn   | Place    | Note
-------+----------+-------------------------------------------
     0 | D:1      | Dann the Ogre Berserker began the quest for the Orb.
     0 | D:1      | Reached XP level 1. HP: 24/24 MP: 1/1
   260 | D:1      | Reached XP level 2. HP: 17/32 MP: 2/2
   989 | D:2      | Reached XP level 3. HP: 27/40 MP: 3/3
  1174 | D:2      | Found a glowing silver altar of Zin.
  1323 | D:2      | Reached ** piety under Trog
  1506 | D:2      | Noticed Jessica
  1512 | D:2      | Killed Jessica
  1513 | D:2      | Reached XP level 4. HP: 41/49 MP: 4/4
  1683 | D:2      | Found a faded altar of an unknown god.
  2154 | D:3      | Noticed a black bear
  2166 | D:3      | Killed a black bear
  2167 | D:3      | Reached skill level 5 in Fighting
  2167 | D:3      | Reached skill level 1 in Polearms
  2167 | D:3      | Reached XP level 5. HP: 21/57 MP: 5/5
  2611 | D:3      | Noticed Sigmund
  2625 | D:3      | Killed from afar by Sigmund

Illustrated notes

Levels and vault maps discovered:
D:1:      minmay_arrival_stone_box, layout_loops_ring
D:2:      layout_loops_cross, hellmonk_ecumenical_altar_blasted, basic_altar,
          minmay_misc_feat_encased, lightli_corner_chamber, uniq_jessica
D:3:      layout_basic, marbit_many_paths, yredelemnul_forgotten_temple_becter,
          serial_bayou_lagoon_b, uniq_sigmund, uniq_crazy_yiuf_cottage

Skill      XL: |  1  2  3  4  5 |
---------------+----------------+-----
Dodging        | 3 |  3.8
Fighting       | 5 |  5.4
Polearms       | 1 2 |  2.0
Axes           | |  3.9
Stealth        | |  0.3

Action                   |  1- 3 |  4- 6 || total
-------------------------+-------+-------++-------
Melee: Hand axe          |   103 |    13 ||   116
       Trident           |       |    57 ||    57
Armor: Animal skin       |    49 |       ||    49
       Robe              |       |    37 ||    37
Dodge: Dodged            |    75 |    47 ||   122
